 Dungeon Crawl Stone Soup version 0.27-b1-41-gafb5482f4b (webtiles) character file.

Game seed: 2595789434458565804

178 Wyvernaa the Shield-Bearer (level 5, 0/41 HPs)
             Began as a Formicid Fighter on July 29, 2021.
             Succumbed to a scorpion's poison
             ... on level 3 of the Dungeon.
             The game lasted 00:05:58 (2611 turns).

Wyvernaa the Shield-Bearer (Formicid Fighter)       Turns: 2611, Time: 00:05:59

Health: 0/41       AC:  7    Str: 21    XL:     5   Next: 89%
Magic:  5/5        EV:  8    Int:  8    God:
Gold:   76         SH:  9    Dex: 10    Spells: 4/4 levels left

rFire    . . .     SeeInvis +   a - +0 trident
rCold    . . .     Faith    .   c - +0 kite shield
rNeg     . . .     Spirit   .   b - +0 scale mail
rPois    .         Reflect  .   (helmet unavailable)
rElec    .         Harm     .   (no cloak)
rCorr    .         Rampage  .   (no gloves)
Will     .....                  (no boots)
Stlth    ..........             (no amulet)
HPRegen  0.13/turn              (no ring)
MPRegen  0.09/turn              (no ring)

@: lethally poisoned (0 -> -4), flying
A: permanent stasis, dig shafts and tunnels, antennae 3, four strong arms
a: Dig, Shaft Self


You were on level 3 of the Dungeon.
You visited 1 branch of the dungeon, and saw 3 of its levels.

You collected 76 gold pieces.

Inventory:

Hand Weapons
 a - a +0 trident (weapon)
Armour
 b - a +0 scale mail (worn)
 c - a +0 kite shield (worn)
Wands
 j - a wand of charming (7)
Scrolls
 k - 2 scrolls of immolation
Potions
 d - 2 potions of might
 i - a potion of degeneration {unknown}


   Skills:
 + Level 3.6 Fighting
 * Level 3.7 Polearms
 + Level 4.2 Armour
 + Level 1.1 Dodging
 * Level 4.7 Shields


You had 4 spell levels left.
You didn't know any spells.
Your spell library contained the following spells:

 Spells                   Type           Power      Damage    Failure   Level
 Ignite Poison            Fire/Tmut/Pois 0%         N/A       100%        3
 Mephitic Cloud           Conj/Pois/Air  0%         N/A       100%        3
 Bolt of Magma            Conj/Fire/Erth 0%         4d4       100%        5


Dungeon Overview and Level Annotations

Branches:
Dungeon (3/15)

Altars:
Qazlal

Annotations:
D:2 1 runed translucent door, Crazy Yiuf


Innate Abilities, Weirdness & Mutations

You cannot be hasted, slowed, berserked, paralysed or teleported.
You can dig through walls and to a lower floor.
You have a pair of large antennae on your head. (SInv)
Your four strong arms can wield two-handed weapons with a shield.


Message History

Your adder dissolves into shadows!
A worm comes into view.
Found a stone staircase leading down.
A scorpion comes into view.
You extend your mandibles.
You dig through the rock wall.
You dig through the rock wall.
You dig through the rock wall.
You dig through the rock wall.
You retract your mandibles.
Your scale mail prevents you from hitting the scorpion.
You block the scorpion's attack.
You hit the scorpion.
The scorpion is moderately wounded.
The scorpion stings you!
You are poisoned.
The scorpion poisons you! You block the scorpion's attack.
You closely miss the scorpion.
The scorpion is moderately wounded.
* * * LOW HITPOINT WARNING * * *
You feel very sick. The scorpion barely misses you. The scorpion stings you.
* * * LOW HITPOINT WARNING * * *
You hit the scorpion but do no damage.
The scorpion is moderately wounded.
* * * LOW HITPOINT WARNING * * *
You feel sick. The scorpion stings you.
* * * LOW HITPOINT WARNING * * *
It was a potion of haste.
Your stasis prevents you from being hasted.
* * * LOW HITPOINT WARNING * * *
You feel sick. You block the scorpion's attack.
It was a potion of berserk rage.
Your stasis prevents you from going berserk.
* * * LOW HITPOINT WARNING * * *
You feel sick. You block the scorpion's attack.
It was a potion of flight.
You feel very buoyant.
You fly up into the air.
You die...

....##.###.....#)....
.s.....###.....#).##.
#s.....{{.w....
...####.#########...#
......{>........ ....
#######.##...... .#.#
##.## ..... .#.#
##s## ..## ##.# #@##
.# ### #


You could see a scorpion.

Vanquished Creatures
  Terence (D:2)
  3 adders
  A dart slug (D:1)
  An orc (D:3)
  4 ball pythons
  4 endoplasms
  4 giant cockroaches
  5 goblins
  3 hobgoblins
  19 jackals
  5 kobolds
  A quokka (D:1)
  4 bats
  2 frilled lizards (D:1)
  2 rats
59 creatures vanquished.

Vanquished Creatures (collateral kills)
  An ogre (D:3)
1 creature vanquished.

Grand Total: 60 creatures vanquished

Notes
Turn   | Place    | Note
-------+----------+-------------------------------------------
     0 | D:1      | Wyvernaa the Formicid Fighter began the quest for the Orb.
     0 | D:1      | Reached XP level 1. HP: 18/18 MP: 1/1
   161 | D:1      | Reached XP level 2. HP: 24/24 MP: 2/2
   440 | D:1      | Reached XP level 3. HP: 29/29 MP: 3/3
   815 | D:2      | Noticed Terence
   834 | D:2      | Killed Terence
   835 | D:2      | Reached XP level 4. HP: 25/35 MP: 4/4
  1201 | D:2      | Found a runed translucent door.
  1202 | D:2      | Noticed Crazy Yiuf
  1311 | D:2      | Found a stormy altar of Qazlal.
  1587 | D:2      | You fall into a shaft and drop 1 floor!
  1610 | D:3      | Reached XP level 5. HP: 25/41 MP: 5/5
  2401 | D:3      | Reached skill level 1 in Dodging
  2509 | D:3      | Noticed an ogre
  2523 | D:3      | Killed an ogre
  2609 | D:3      | HP: 2/41 [poisoned by a scorpion]
  2611 | D:3      | Succumbed to a scorpion's poison

Illustrated notes

Levels and vault maps discovered:
D:1:      tarquinn_simple_flora_water_f, layout_rooms
D:2:      minmay_wonky_spiral, layout_basic, basic_altar,
          uniq_crazy_yiuf_cottage, uniq_terence
D:3:      layout_basic

Skill      XL: |  1  2  3  4  5 |
---------------+----------------+-----
Shields        | 4 |  4.7
Polearms       | 3 |  3.7
Dodging        | 1 |  1.1
Armour         | 4 |  4.2
Fighting       | |  3.6

Action                   |  1- 3 |  4- 6 || total
-------------------------+-------+-------++-------
Melee: Trident           |    88 |   101 ||   189
 Abil: Dig               |       |     1 ||     1
  Use: Potion            |       |     4 ||     4
       Scroll            |       |     3 ||     3
Armor: Scale mail        |    34 |    51 ||    85
Dodge: Dodged            |    35 |    40 ||    75
Block: Kite shield       |    56 |    51 ||   107
